 Dungeon Crawl Stone Soup version 0.31-a0-986-g5e6e4ef867 (webtiles) character file.

Game seed: 15461309687736932998

46 Whiskey the Ruffian (level 3, -2/33 HPs)
             Began as a Troll Shapeshifter on Nov 6, 2023.
             Slain by a gnoll
             ... wielding a +0 flail
              (7 damage)
             ... on level 2 of the Dungeon.
             The game lasted 00:02:14 (681 turns).

Whiskey the Ruffian (Troll Shapeshifter)             Turns: 681, Time: 00:02:15

Health: -2/33      AC:  4    Str: 22    XL:     3   Next: 44%
Magic:  2/2        EV: 10    Int:  8    God:
Gold:   101        SH:  0    Dex:  9    Spells: 2/2 levels left

rFire   . .          .
                       - Unarmed
rCold   . . .        (no shield)
rNeg    . . .        a - +0 animal skin
rPois   .            (helmet currently unavailable)
rElec   .            (cloak currently unavailable)
rCorr   .            (gloves unavailable)
SInv    .            (boots unavailable)
Will    .....        (no amulet)
Stlth   +            (no ring)
HPRegen 1.05/turn    (no ring)
MPRegen 0.08/turn

%: no passive effects
@: beast-form
A: beast (slay +1), large, unfitting armour, claws 3, regeneration 1, shaggy fur
1, tough skin 1
a: Begin Untransformation


You were on level 2 of the Dungeon.
You were a hulking beast.
You visited 1 branch of the dungeon, and saw 3 of its levels.

You collected 101 gold pieces.

Inventory:

Armour
 a - a +0 animal skin (worn)
Talismans
 c - a beast talisman
 d - a flux talisman
Scrolls
 h - 2 scrolls of immolation {unknown}
 j - a scroll of teleportation {unknown}
 k - a scroll of identify {unknown}
Potions
 b - a potion of lignification {!q}
 e - a potion of haste {unknown}
 f - a potion of magic {unknown}
 g - a potion of ambrosia {unknown}
 i - a potion of mutation {unknown}


   Skills:
 + Level 1.4 Fighting
 + Level 2.1 Dodging
 + Level 3.4 Unarmed Combat
 + Level 3.3 Shapeshifting


You had 2 spell levels left.
You didn't know any spells.
Your spell library contained the following spells:

 Spells                   Type           Power      Damage    Failure   Level
 Ozocubu's Armour         Ice            0%         N/A       78%         3
 Volatile Blastmotes      Fire/Tloc      0%         2d10      78%         3
 Fulminant Prism          Conj/Hex       0%         3d5       99%         4
 Iskenderun's Mystic Bla  Conj/Tloc      0%         2d3       99%         4
 Metabolic Englaciation   Hex/Ice        0%         N/A       100%        5
 Simulacrum               Ice/Necr       0%         N/A       100%        6


Dungeon Overview and Level Annotations

Branches:
Dungeon (3/15)

Altars:


Innate Abilities, Weirdness & Mutations

You are a hulking beast.
Your limbs bulge with bestial killing power. (Slay +1)
You are too large for most types of armour.
You have claws for hands.
Your natural rate of healing is unusually fast.
You are covered in fur. (AC +1)
You have tough skin. (AC +1)


Message History

Found an escape hatch in the ceiling.
Found a stone staircase leading down.
No target in view!
There is an escape hatch in the ceiling here.
There is a stone staircase leading down here.
You now have 82 gold pieces (gained 11).
A kobold comes into view. It is wielding a +0 short sword.
The kobold throws a stone.
The stone hits you but does no damage. The kobold barely misses you.
You closely miss the kobold. The kobold closely misses you.
You claw the kobold!
You kill the kobold!
No target in view!
No target in view!
No target in view!
No target in view!
No target in view!
No target in view!
No target in view!
No target in view!
No target in view!
Things that are here:
a +0 short sword; 3 stones; a kobold corpse You now have 96 gold pieces (gained 14).
You see here a book of Blasting.
You now have 101 gold pieces (gained 5).
Done exploring.
Done exploring.
There is a stone staircase leading down here.
You climb downwards.
The gnoll shouts!
There is a stone staircase leading up here.
You closely miss the hobgoblin.
The adder hisses angrily.
You barely miss the hobgoblin. The hobgoblin barely misses you.
You miss the adder. The hobgoblin barely misses you.
A gnoll comes into view. It is wielding a +0 flail.
The adder bites you.
You take 3 damage, and have 30/33 hp.
The gnoll shouts!
You scratch the adder. The adder bites you.
You are poisoned.
The adder poisons you! The hobgoblin hits you. The adder bites you.
You take 4 damage, and have 26/33 hp.
You barely miss the adder.
You feel sick.
The hobgoblin hits you but does no damage.
A gnoll comes into view. It is wielding a +0 whip.
The adder completely misses you.
You take 1 damage, and have 25/33 hp.
The gnoll shouts!
You scratch the adder.
You feel sick.
The hobgoblin hits you but does no damage.
The adder bites you but does no damage.
You completely miss the adder.
You feel sick. The adder bites you but does no damage. The hobgoblin hits you.
A gnoll comes into view. It is wielding a +0 club.
You take 1 damage, and have 24/33 hp.
The gnoll shouts!
You claw the adder!
You hear a shout!
The adder completely misses you.
A hobgoblin comes into view.
The hobgoblin barely misses you. The adder barely misses you.
You scratch the adder.
You kill the adder!
You feel sick.
The hobgoblin hits you but does no damage.
You barely miss the gnoll.
You feel sick.
You are no longer poisoned.
The gnoll hits you with a +0 flail!
The hobgoblin hits you but does no damage.
You take 10 damage, and have 15/33 hp.
MASSIVE DAMAGE!!
You are too injured to fight recklessly!
You are too injured to fight recklessly!
You are too injured to fight recklessly!
You are too injured to fight recklessly!
You are too injured to fight recklessly!
You are too injured to fight recklessly!
You are too injured to fight recklessly!
You are too injured to fight recklessly!
You are too injured to fight recklessly!
You are too injured to fight recklessly!
You are too injured to fight recklessly!
You are too injured to fight recklessly!
You are too injured to fight recklessly!
You are too injured to fight recklessly!
You are too injured to fight recklessly!
You are too injured to fight recklessly!
You are too injured to fight recklessly!
The gnoll hits you with a +0 flail!
* * * LOW HITPOINT WARNING * * *
The hobgoblin hits you.
* * * LOW HITPOINT WARNING * * *
The gnoll barely misses you.
You climb upwards.
There is a stone staircase leading down here.
You take 11 damage, and have 4/33 hp.
MASSIVE DAMAGE!!
You claw the hobgoblin!
You kill the hobgoblin!
The gnoll hits you with a +0 flail!
You die...

###
####################.#
........#.....ggh<...#
#######.#.##########.#
######....#..# #.#
.....#..#....#### #.#
####.#..#.##....####.#
#..#.#..#..........#†#
##.#.#..#######.##.#.#
...#.#....#......#.#.#
####.#.##.#.######.#.#


You could see 2 gnolls.

Vanquished Creatures
  An adder (D:3)
  5 ball pythons (D:1)
  4 bats (D:1)
  An endoplasm (D:1)
  2 giant cockroaches
  3 goblins (D:1)
  2 hobgoblins
  6 jackals (D:1)
  5 kobolds
  2 frilled lizards
  5 rats (D:1)
36 creatures vanquished.

Notes
Turn   | Place    | Note
-------+----------+-------------------------------------------
     0 | D:1      | Whiskey the Troll Shapeshifter began the quest for the Orb.
     0 | D:1      | Reached XP level 1. HP: 18/18 MP: 0/0
    73 | D:1      | Reached skill level 1 in Fighting
    77 | D:1      | Reached XP level 2. HP: 27/27 MP: 1/1
   268 | D:1      | Reached skill level 2 in Dodging
   274 | D:1      | Reached XP level 3. HP: 29/33 MP: 2/2
   679 | D:3      | HP: 4/33 [gnoll/+0 flail (12)]
   681 | D:2      | Slain by a gnoll

Illustrated notes

Levels and vault maps discovered:
D:1:      onia_arrival_mini_spirals, layout_basic
D:2:      cheibrodos_fertilizer, layout_basic, basic_altar,
          minmay_misc_feat_four_crosses, item_on_display_a
D:3:      cheibrodos_greedy_goblins, layout_basic, mainiacjoe_overflow_chevrons,
          nicolae_qazlal_style_of_elements, hangedman_decor_points, uniq_ijyb,
          uniq_jessica, uniq_natasha

Skill      XL: |  1  2 |
---------------+-------+-----
Fighting       | 1 |  1.4
Dodging        | 2 |  2.1
Unarmed Combat | |  3.4
Shapeshifting  | |  3.3

Action                     || total
---------------------------++-------
  Melee: Unarmed           ||    87
 Armour: Animal skin       ||    56
  Dodge: Dodged            ||    44

Table legend: (Time is in decaauts)
 A = Elapsed time spent in this place.
 B = Non-inter-level travel time spent in this place.
 C = Inter-level travel time spent in this place.
 D = Time resting spent in this place.
 E = Time spent auto-exploring this place.
 F = Levels seen in this place.
 G = Mean time per level.
                   A        B        C        D        E       F      G
               +--------+--------+--------+--------+--------+-----+--------+
         Total |    676 |    640 |     36 |      0 |    480 |   3 |  225.3 |
       Dungeon |    676 |    640 |     36 |      0 |    480 |   3 |  225.3 |
               +--------+--------+--------+--------+--------+-----+--------+

Top non-repeatable levels by time:
     D:1: 500 daAuts
     D:2: 165 daAuts
     D:3: 11 daAuts

Levels and vault maps discovered:
D:1:      onia_arrival_mini_spirals, layout_basic
D:2:      cheibrodos_fertilizer, layout_basic, basic_altar,
          minmay_misc_feat_four_crosses, item_on_display_a
D:3:      cheibrodos_greedy_goblins, layout_basic, mainiacjoe_overflow_chevrons,
          nicolae_qazlal_style_of_elements, hangedman_decor_points, uniq_ijyb,
          uniq_jessica, uniq_natasha

Table legend: (Time is in decaauts)
 A = Elapsed time spent in this place.
 B = Non-inter-level travel time spent in this place.
 C = Inter-level travel time spent in this place.
 D = Time resting spent in this place.
 E = Time spent auto-exploring this place.
 F = Levels seen in this place.
 G = Mean time per level.
                   A        B        C        D        E       F      G
               +--------+--------+--------+--------+--------+-----+--------+
         Total |    676 |    640 |     36 |      0 |    480 |   3 |  225.3 |
       Dungeon |    676 |    640 |     36 |      0 |    480 |   3 |  225.3 |
               +--------+--------+--------+--------+--------+-----+--------+

Top non-repeatable levels by time:
     D:1: 500 daAuts
     D:2: 165 daAuts
     D:3: 11 daAuts

Table legend:
 A = Kills in this place as a percentage of kills in the entire game.
 B = Kills by you in this place as a percentage of kills by you in the entire game.
 C = Kills by friends in this place as a percentage of kills by friends in the entire game.
 D = Other kills in this place as a percentage of other kills in the entire game.
 E = Experience gained in this place as a percentage of experience gained in the entire game.
 F = Experience gained in this place divided by the number of levels of this place that you have seen.
                   A       B       C       D       E      F
               +-------+-------+-------+-------+-------+----------------------
         Total | 100.0 | 100.0 |   N/A |   N/A | 100.0 |  22.7
       Dungeon | 100.0 | 100.0 |   N/A |   N/A | 100.0 |  22.7
               +-------+-------+-------+-------+-------+----------------------
